Map: Para Site LE

Players

Banling

  • Race: Zerg Zerg
  • League: Diamond
  • Spawn Location: 11:00

AndanteMaest - Winner!

  • Race: Zerg Zerg
  • League: Diamond
  • Spawn Location: 5:00

VOD

Have the link to the VOD?

Description

Baneling kills baneling

Time

  • Played on: Nov. 11, 2018, 8:58 a.m.
  • Length: 20:48
Show
View Real Time Build Order
Export as new Build Order

Banling Zerg 

Build Orders: Hatch First, Lurkers 

Get SALT Encoding   

  12  0:01  Drone  
  13  0:13  Overlord  
  13  0:17  Drone  
  15  0:35  Drone  
  15  0:36  Drone  
  16  0:50  Hatchery  
  16  0:54  Drone  
  16  0:56  Extractor  
  15  1:11  Spawning Pool  
  15  1:25  Drone x2  
  15  1:26  Drone  
  17  1:43  Overlord  
  17  1:51  Drone  
  18  1:58  Queen  
  18  1:59  Zergling x2  
  21  2:12  Spine Crawler  
  21  2:15  Zergling x2, Drone x2  
  24  2:24  Queen  
  26  2:41  Drone x2  
  28  2:44  Zergling x2  
  28  2:48  Baneling Nest  
  28  2:53  Drone x2  
  28  2:54  Drone  
  31  3:05  Drone  
  32  3:08  Drone  
  33  3:22  Hatchery  
  33  3:26  Lair  
  32  3:29  Evolution Chamber  
  31  3:40  Baneling x2  
  31  3:41  Drone x4  
  34  3:42  Drone  
  36  3:50  Metabolic Boost  
  35  4:09  Zergling x2  
  36  4:11  Overlord x2  
  35  4:18  Baneling x2  
  35  4:22  Extractor  
  35  4:23  Zerg Missile Weapons Level 1  
  34  4:27  Zergling x2  
  35  4:35  Drone  
  37  4:41  Zergling x12  
  41  4:49  Hatchery  
  41  4:50  Zergling x14  
  47  5:06  Drone  
  48  5:11  Drone x2  
  48  5:13  Hydralisk Den  
  49  5:20  Baneling x3  
  49  5:24  Drone x2  
  49  5:28  Baneling  
  51  5:43  Hatchery  
  49  5:50  Zergling x4  
  49  5:53  Overlord x2  
  49  5:54  Extractor  
  51  6:08  Hatchery  
  50  6:13  Baneling x3  
  50  6:14  Baneling  
  50  6:16  Hydralisk x2  
  50  6:17  Hydralisk  
  56  6:24  Drone  
  56  6:25  Overseer  
  57  6:27  Drone  
  58  6:43  Spore Crawler  
  46  6:57  Zergling x8  
  46  6:58  Zergling x8  
  52  7:11  Drone x3  
  55  7:21  Baneling x3  
  55  7:22  Hydralisk x4, Baneling  
  63  7:32  Hatchery  
  62  7:46  Hydralisk x2, Zergling x4  
  62  7:49  Baneling x2  
  67  8:01  Overlord x2  
  67  8:02  Overlord  
  65  8:28  Lurker Den  
  65  8:29  Extractor  
  63  8:36  Hydralisk  
  63  8:37  Hydralisk x5  
  63  8:39  Baneling x2  
  63  8:40  Baneling x3  
  75  8:43  Hatchery  
  55  9:08  Hydralisk x2  
  55  9:09  Hydralisk  
  56  9:10  Hydralisk  
  56  9:11  Zergling x4  
  56  9:16  Hatchery  
  59  9:26  Drone  
  60  9:41  Zergling x6  
  63  9:58  Lurker  
  63  9:59  Lurker x3  
  67  10:02  Drone x3  
  70  10:07  Hydralisk x3  
  70  10:08  Hydralisk  
  70  10:12  Drone  
  75  10:28  Zergling x6  
  75  10:29  Zergling x4  
  75  10:35  Zergling x2  
  80  10:47  Drone  
  80  10:48  Queen  
  80  10:49  Overlord x2  
  83  10:52  Zergling x8  
  83  10:53  Zergling x4  
  84  11:08  Drone  
  52  11:26  Zergling x16  
  52  11:30  Lurker x5  
  65  11:40  Overseer  
  65  11:41  Drone x4  
  38  11:58  Hydralisk x2  
  38  11:59  Hydralisk x3  
  48  12:03  Drone x2  
  48  12:06  Drone  
  51  12:21  Drone x3  
  54  12:28  Lurker x3  
  57  12:32  Overseer  
  57  12:35  Drone  
  57  12:36  Drone  
  59  12:41  Drone  
  59  12:42  Drone  
  61  13:01  Zerg Missile Weapons Level 2  
  61  13:16  Drone x5  
  66  13:22  Hatchery  
  66  13:25  Drone  
  66  13:26  Drone x4  
  70  13:38  Hydralisk x2  
  70  13:39  Hydralisk  
  76  13:42  Lurker  
  77  13:53  Overseer  
  69  14:35  Hydralisk x5  
  69  14:36  Zergling x12  
  69  14:37  Zergling x28  
  99  14:48  Drone  
  93  15:19  Drone x3  
  96  15:24  Infestation Pit  
  95  15:30  Extractor  
  95  15:32  Extractor  
  95  15:35  Drone  
  94  15:36  Hydralisk x4  
  94  15:37  Hydralisk  
  94  15:38  Overlord x2  
  104  15:57  Lurker  
  104  15:58  Lurker x2  
  104  15:59  Lurker x2  
  109  16:04  Hive, Spire  
  109  16:06  Drone x3  
  111  16:13  Drone x3  
  111  16:15  Extractor  
  111  16:18  Extractor  
  81  16:46  Drone  
  81  16:47  Drone x5  
  84  16:54  Drone x3  
  85  17:04  Zergling x2  
  85  17:05  Zergling x8  
  90  17:16  Greater Spire  
  90  17:26  Drone x2  
  92  17:35  Hatchery  
  91  17:57  Zergling x2  
  91  17:58  Overlord x3, Zergling x6  
  86  18:32  Corruptor x3  
  86  18:33  Corruptor x5  
  102  18:47  Drone  
  103  19:07  Brood Lord x2  
  103  19:08  Brood Lord x2  
  111  19:17  Corruptor  
  58  19:49  Corruptor x2  
  58  19:50  Corruptor  
Show
View Real Time Build Order
Export as new Build Order

AndanteMaest Zerg - Winner!

Build Orders: Hatch First 

Get SALT Encoding   

  12  0:01  Drone  
  13  0:12  Overlord  
  13  0:16  Drone  
  14  0:31  Drone x2  
  16  0:36  Drone  
  17  0:53  Hatchery  
  16  0:59  Drone  
  17  1:06  Extractor  
  16  1:11  Spawning Pool  
  16  1:14  Drone  
  16  1:18  Drone  
  17  1:22  Drone  
  18  1:28  Drone  
  19  1:40  Drone  
  20  1:50  Overlord  
  20  1:58  Queen  
  22  2:05  Queen  
  22  2:07  Zergling x4  
  26  2:19  Zergling x2  
  26  2:21  Metabolic Boost  
  26  2:22  Drone x2  
  29  2:36  Drone  
  29  2:37  Drone  
  31  2:47  Baneling Nest  
  31  2:48  Overlord  
  30  2:52  Overlord  
  30  2:53  Drone  
  31  3:08  Hatchery  
  30  3:19  Drone x4  
  34  3:25  Drone  
  34  3:26  Drone  
  36  3:28  Drone x2  
  36  3:31  Drone  
  38  3:46  Zergling x4  
  38  3:47  Zergling x6  
  43  3:49  Overlord  
  43  3:58  Evolution Chamber  
  43  4:01  Zergling x2  
  43  4:02  Evolution Chamber  
  43  4:10  Zergling x6  
  43  4:11  Queen  
  43  4:13  Queen  
  47  4:18  Zergling x2  
  47  4:19  Zergling x4  
  47  4:20  Drone  
  51  4:35  Zergling x4  
  51  4:39  Zergling x6  
  51  4:42  Zergling x6  
  51  4:43  Drone x2  
  56  5:07  Zergling x6  
  56  5:13  Zerg Melee Weapons Level 1  
  58  5:15  Zerg Ground Armor Level 1  
  58  5:17  Lair  
  58  5:18  Overlord x3  
  58  5:28  Overlord x2  
  58  5:36  Queen  
  58  5:37  Extractor  
  58  5:39  Extractor  
  58  5:43  Roach Warren, Drone x3  
  58  5:45  Drone x2  
  58  5:47  Extractor  
  60  5:51  Drone x3  
  60  5:53  Baneling x7  
  60  5:54  Baneling  
  60  5:55  Drone  
  64  6:01  Drone x3  
  66  6:18  Drone, Extractor  
  65  6:19  Drone x3  
  65  6:21  Extractor  
  68  6:26  Hydralisk Den  
  68  6:28  Drone  
  68  6:29  Drone x6  
  69  6:56  Zergling x2  
  69  6:57  Zergling x2  
  69  6:58  Zergling x24  
  69  7:00  Baneling x4  
  82  7:10  Drone x3  
  85  7:17  Zerg Melee Weapons Level 2, Unknown  
  85  7:19  Zerg Ground Armor Level 2  
  85  7:20  Drone x3  
  88  7:42  Hatchery  
  86  7:50  Zergling x2  
  89  7:51  Zergling x4  
  89  7:53  Centrifical Hooks  
  88  7:59  Baneling  
  88  8:00  Baneling x9  
  88  8:05  Overseer  
  88  8:06  Drone x2  
  88  8:07  Overlord x4  
  84  8:28  Drone x5  
  89  8:35  Infestation Pit  
  89  8:38  Hydralisk x7  
  89  8:39  Hydralisk x2  
  106  8:45  Drone x4  
  106  8:47  Spore Crawler, Drone x2  
  94  9:04  Zergling x2  
  94  9:05  Zergling x14  
  94  9:08  Grooved Spines  
  101  9:11  Overseer  
  101  9:12  Overseer  
  101  9:20  Queen  
  101  9:23  Drone x11  
  114  9:32  Hatchery  
  113  9:43  Zergling x10  
  113  9:44  Zergling x4  
  120  9:47  Baneling  
  120  9:48  Baneling x15  
  120  9:53  Overlord  
  120  10:00  Unknown  
  120  10:04  Unknown  
  120  10:15  Extractor  
  120  10:16  Extractor, Drone  
  120  10:17  Drone x5  
  120  10:19  Overlord x5, Muscular Augments  
  120  10:20  Overlord  
  120  10:21  Overlord x4  
  121  10:29  Drone x2  
  121  10:31  Pneumatized Carapace  
  121  10:33  Hatchery  
  122  10:36  Overseer  
  122  10:40  Hive  
  122  10:43  Overseer x2  
  122  10:45  Zergling x14  
  122  10:46  Zergling x8  
  133  10:57  Zergling x26  
  145  11:11  Hydralisk x7  
  130  11:25  Hydralisk  
  114  11:26  Hydralisk x8  
  114  11:31  Drone  
  114  11:32  Drone x2  
  134  11:36  Hydralisk x2  
  133  11:53  Unknown  
  133  11:54  Unknown  
  131  11:56  Zergling x2  
  131  11:57  Zergling x20  
  142  12:04  Spore Crawler  
  142  12:05  Drone x2  
  143  12:11  Zerg Melee Weapons Level 3  
  143  12:12  Hatchery, Zerg Ground Armor Level 3  
  143  12:13  Zergling x12  
  148  12:18  Ultralisk Cavern  
  147  12:25  Drone x3  
  147  12:26  Drone x5  
  147  12:28  Drone x2  
  157  12:30  Baneling x5  
  155  13:05  Extractor  
  155  13:06  Extractor  
  155  13:11  Spine Crawler, Spore Crawler  
  151  13:13  Spine Crawler  
  151  13:14  Spine Crawler  
  151  13:17  Ultralisk  
  151  13:18  Nydus Network, Ultralisk x4  
  178  13:22  Drone x2  
  180  13:34  Extractor  
  180  13:35  Unknown  
  180  13:37  Spore Crawler  
  180  13:38  Spore Crawler  
  180  13:40  Baneling x9  
  180  13:41  Baneling x3  
  177  13:42  Spine Crawler  
  177  13:43  Spine Crawler  
  175  13:56  Drone  
  175  13:57  Overlord, Drone x2  
  175  14:00  Adrenal Glands  
  178  14:04  Hatchery  
  169  14:12  Nydus Canal  
  169  14:15  Unknown  
  161  14:28  Ultralisk x6  
  161  14:31  Zergling x4  
  199  14:59  Unknown  
  199  15:00  Unknown  
  199  15:02  Spire  
  190  15:18  Zerg Missile Weapons Level 1  
  190  15:23  Queen  
  190  15:24  Zergling x2  
  190  15:25  Zergling x12  
  199  15:30  Chitinous Plating  
  199  15:36  Spine Crawler  
  198  15:55  Extractor  
  197  15:58  Extractor  
  196  16:12  Spire  
  186  16:44  Extractor  
  185  16:48  Zergling x12, Extractor  
  185  16:49  Zergling x18  
  198  16:56  Greater Spire  
  198  17:00  Hatchery  
  191  17:10  Hatchery  
  191  17:13  Drone  
  191  17:14  Drone x8  
  199  17:21  Spine Crawler  
  198  17:23  Spine Crawler, Spore Crawler  
  196  17:39  Drone x2  
  196  17:42  Unknown  
  198  18:04  Overseer  
  198  18:05  Overlord x5  
  198  18:06  Overlord  
  192  18:16  Corruptor  
  192  18:17  Corruptor x5  
  192  18:43  Zergling x2  
  192  18:44  Zergling x2  
  192  18:54  Baneling  
  192  18:55  Baneling x17  
  189  18:56  Baneling x29  
  189  18:57  Baneling x12  
  189  18:59  Zergling x20  
  189  19:01  Hatchery  
  198  19:23  Zergling x2  
  157  19:47  Corruptor  
  157  19:48  Corruptor x23  
  199  19:57  Baneling  
  199  19:58  Baneling x25  
Tags
 
Composition
Lurkers
Matchup
ZvZ
Race
Zerg
Spawn Locations
Cross Positions
Add a new tag
Caveats
  • Supply blocks, unpowered buildings, or Contaminate may cause inaccurate times.
  • Supply counts are checked every 10 seconds.